 Dungeon Crawl Stone Soup version 0.21.1-1-g345015f (webtiles) character file.

7287 tidbits the Martial Artist (level 11, -13/83 HPs)
             Began as a Gnoll Transmuter on Feb 13, 2018.
             Was a Believer of Cheibriados.
             Mangled by a stone giant (31 damage)
             ... on level 2 of the Orcish Mines.
             The game lasted 00:32:32 (2769 turns).

tidbits the Martial Artist (Gnoll Transmuter)       Turns: 2769, Time: 00:32:33

Health: -13/83     AC:  7    Str: 18    XL:     11   Next: 12%
Magic:  13/22      EV: 18    Int: 27    God:    Cheibriados [**....]
Gold:   285        SH:  0    Dex: 20    Spells: 2/25 levels left

rFire    . . .     SeeInvis +     - Unarmed
rCold    . . .     Gourm    .   (shield currently unavailable)
rNeg     . . .     Faith    .   B - +0 troll leather armour
rPois    .         Spirit   .   (helmet restricted)
rElec    .         Reflect  .   (no cloak)
rCorr    .         Harm     .   (gloves currently unavailable)
MR       .....                  (no boots)
Stlth    +++.......             (no amulet)
HPRegen  0.63/turn              I - ring of see invisible
MPRegen  0.18/turn              P - +3 ring of intelligence

@: blade hands, very slow
A: distributed training, antennae 1, fangs 1, icy blue scales 1, strong nose
a: End Transformation, Bend Time, Renounce Religion


You were on level 2 of the Orcish Mines.
You worshipped Cheibriados.
Cheibriados was pleased with you.
You were very hungry.
You had blades for hands.
You visited 3 branches of the dungeon, and saw 15 of its levels.
You also visited: Ossuary.

You collected 525 gold pieces.
You spent 240 gold pieces at shops.

Inventory:

Hand Weapons
 f - a +0 hunting sling
 l - a +2 dagger of freezing (melded)
   (You took it off a goblin on level 2 of the Dungeon)
 m - a +0 dagger of draining
   (You took it off an orc priest on level 4 of the Dungeon)
 w - the +11 whip "Xoigenoc" {slash, +Rage rF- Dex+9}
   (You found it on level 9 of the Dungeon)

   It inflicts extra damage upon your enemies.
   It affects your dexterity (+9).
   It makes you vulnerable to fire.
   It lets you go berserk.
 A - a +0 war axe
 H - a +0 long sword
 K - a +0 dagger of distortion
   (You took it off an orc wizard on level 7 of the Dungeon)
Missiles
 a - 60 arrows
 j - 39 stones
 k - 25 sling bullets
 Q - 4 tomahawks
 X - 13 javelins (quivered)
Armour
 B - a +0 troll leather armour (worn)
 G - a +1 pair of gloves (melded)
 Y - a +1 robe of cold resistance
   (You found it on level 7 of the Dungeon)
Magical Staves
 e - an uncursed staff of energy {!a}
   (You found it on level 4 of the Dungeon)
Jewellery
 I - a ring of see invisible (left scythe-like blade)
   (You found it on level 2 of the Dungeon)
 P - a +3 ring of intelligence (right scythe-like blade)
   (You found it on level 7 of the Dungeon)
Wands
 p - a wand of paralysis (3)
 u - a wand of enslavement (8)
 E - a wand of iceblast (20)
 L - a wand of polymorph (13)
 W - a wand of flame (15)
Scrolls
 g - 5 scrolls of teleportation
 r - 5 scrolls of remove curse
 t - 4 scrolls of blinking
 x - 2 scrolls of fog
 J - 2 scrolls of enchant armour {unknown}
 N - a scroll of immolation
 S - a scroll of enchant weapon {unknown}
Potions
 h - a potion of mutation {!q}
 i - a potion of agility
 v - a potion of lignification
 z - 2 potions of curing
 C - 2 potions of might
 F - 2 potions of haste
 M - a potion of magic
 O - a potion of cancellation
 R - a potion of brilliance
 Z - 2 potions of berserk rage
Books
 b - a book of Conjurations
   (You found it on level 11 of the Dungeon)

   Spells                             Type                      Level
   a - Magic Dart                     Conjuration                  1
   b - Searing Ray                    Conjuration                  2
   c - Dazzling Spray                 Conjuration/Hexes            3
   d - Fulminant Prism                Conjuration/Hexes            4
   e - Force Lance                    Conjuration/Translocation    4
   f - Iskenderun's Mystic Blast      Conjuration                  4
 d - a book of Changes

   Spells                             Type                      Level
   a - Beastly Appendage              Transmutation                1
   b - Sticks to Snakes               Transmutation                2
   c - Spider Form                    Transmutation/Poison         3
   d - Ice Form                       Ice/Transmutation            4
   e - Blade Hands                    Transmutation                5
 q - the Handbook of Creative Transmigration
   (You found it on level 11 of the Dungeon)

   Spells                             Type                      Level
   a - Beastly Appendage              Transmutation                1
   b - Call Imp                       Summoning                    2
   c - Sticks to Snakes               Transmutation                2
   d - Ice Form                       Ice/Transmutation            4
   e - Aura of Abjuration             Summoning                    5
   f - Summon Forest                  Summoning/Translocation      5
 y - a book of Misfortune
   (You found it on level 11 of the Dungeon)

   Spells                             Type                      Level
   a - Confusing Touch                Hexes                        1
   b - Confuse                        Hexes                        3
   c - Gell's Gravitas                Translocation                3
   d - Petrify                        Transmutation/Earth          4
   e - Metabolic Englaciation         Hexes/Ice                    5
   f - Yara's Violent Unravelling     Hexes/Transmutation          5
 D - a book of Cantrips
   (You found it on level 4 of the Dungeon)

   Spells                             Type                      Level
   a - Confusing Touch                Hexes                        1
   b - Animate Skeleton               Necromancy                   1
   c - Summon Small Mammal            Summoning                    1
   d - Apportation                    Translocation                1
 U - a book of Enchantments
   (You found it on level 11 of the Dungeon)

   Spells                             Type                      Level
   a - Cause Fear                     Hexes                        4
   b - Yara's Violent Unravelling     Hexes/Transmutation          5
   c - Silence                        Hexes/Air                    5
   d - Deflect Missiles               Charms/Air                   6
   e - Discord                        Hexes                        8
 V - a book of Minor Magic
   (You found it on level 11 of the Dungeon)

   Spells                             Type                      Level
   a - Magic Dart                     Conjuration                  1
   b - Blink                          Translocation                2
   c - Call Imp                       Summoning                    2
   d - Slow                           Hexes                        2
   e - Conjure Flame                  Conjuration/Fire             3
   f - Mephitic Cloud                 Conjuration/Poison/Air       3
Comestibles
 c - 3 rations


   Skills:
 + Level 6.5 Fighting
 + Level 5.9 Short Blades
 + Level 5.9 Long Blades
 + Level 5.9 Axes
 + Level 5.9 Maces & Flails
 + Level 5.9 Polearms
 + Level 5.9 Staves
 + Level 5.9 Slings
 + Level 5.9 Bows
 + Level 5.9 Crossbows
 + Level 5.9 Throwing
 + Level 5.9 Armour
 + Level 7.5 Dodging
 + Level 5.9 Stealth
 + Level 5.9 Shields
 + Level 8.9 Unarmed Combat
 + Level 7.8 Spellcasting
 + Level 4.8 Conjurations
 + Level 4.8 Hexes
 + Level 4.8 Charms
 + Level 4.8 Summonings
 + Level 4.8 Necromancy
 + Level 4.8 Translocations
 + Level 6.2 Transmutations
 + Level 4.8 Fire Magic
 + Level 4.8 Ice Magic
 + Level 4.8 Air Magic
 + Level 4.8 Earth Magic
 + Level 4.8 Poison Magic
 + Level 6.4 Invocations
 + Level 5.9 Evocations


You had 2 spell levels left.
You knew the following spells:

 Your Spells              Type           Power        Failure   Level  Hunger
c - Confuse               Hex            #####...     24%         3    None
e - Beastly Appendage     Tmut           #####.       12%         1    None
h - Blade Hands           Tmut           #####.....   52%         5    ####...
i - Ice Form              Ice/Tmut       #####...     36%         4    ##.....
k - Sticks to Snakes      Tmut           #####...     13%         2    None
m - Mephitic Cloud        Conj/Pois/Air  #####...     24%         3    None
n - Animate Skeleton      Necr           N/A          14%         1    None
p - Spider Form           Tmut/Pois      #####.....   21%         3    None
A - Apportation           Tloc           #####.       14%         1    None


Dungeon Overview and Level Annotations

Branches:
Dungeon (12/15)            Temple (1/1) D:7             Orc (2/2) D:11
    Elf (0/3) Orc:2
   Lair: D:8-11

Altars:
Ashenzari
Cheibriados
Dithmenos
Elyvilon
Fedhas
Gozag
Kikubaaqudgha
Makhleb
Nemelex Xobeh
Okawaru
Qazlal
Ru
Sif Muna
Trog
Vehumet
Wu Jian
Xom
Yredelemnul
Zin
The Shining One
Beogh

Shops:
D:4 }}%   D:7 *

Portals:
Trove: D:11 (give 3 potions of resistance)

Annotations:
D:3 pk666's ghost, amateur DEWz
D:4 Edmund
Orc:2 Donald


Innate Abilities, Weirdness & Mutations

Your experience applies equally to all skills.
You have very sharp teeth.
Your uncanny sense of smell can sniff out nearby items.
You have a pair of small antennae on your head.
You are partially covered in icy blue scales. (AC +2)


Message History

Your +2 dagger of freezing glows with a cold blue light!
Found 46 gold pieces.
Things that are here:
a dagger; a robe
Items here: )) [[ †† You swap places.
Casting: Sticks to Snakes
Confirm with . or Enter, or press ? or * to list all spells.
Aiming: Apportation
Press: ? - help, Dir - move target cursor Apport: 20 gold pieces Yoink!
You pull the items towards yourself.
Casting: Apportation
Confirm with . or Enter, or press ? or * to list all spells.
Aiming: Apportation
Press: ? - help, Dir - move target cursor Apport: 26 gold pieces Yoink!
You pull the items towards yourself.
You now have 285 gold pieces (gained 46).
There are no items here.
Donald the Adventurer comes into view.
He is wielding a long sword of electrocution.
Press: ? - help, v - describe, . - travel
Here: Donald, wielding a long sword of electrocution, wearing a glowing plate armour and wearing a glowing shield (resting)
The floor.
Press: ? - help, v - describe, . - travel
Here: Donald, wielding a long sword of electrocution, wearing a glowing plate armour and wearing a glowing shield (resting)
The floor.
Placed new exclusion.
The ogre shouts!
Casting: Apportation
Confirm with . or Enter, or press ? or * to list all spells.
Aiming: Apportation
Press: ? - help, Dir - move target cursor Apport: 33 gold pieces Yoink!
You pull the items towards yourself.
Your water moccasin withers and dies!
There are no items here.
You see here 33 gold pieces.
Casting: Apportation
Confirm with . or Enter, or press ? or * to list all spells.
Your hands turn into razor-sharp scythe blades.
Your +2 dagger of freezing melds into your body.
Your +1 pair of gloves melds into your body.
Your +2 dagger of freezing stops glowing.
The ogre misses you.
An ogre comes into view. It is wielding a giant club.
The ogre shouts!
You slash the ogre!
The ogre is moderately wounded.
You hear a shout!
A stone giant comes into view.
You hit the ogre.
The ogre is heavily wounded.
You hear the faint crackling of a very distant melting archway.
The stone giant throws a large rock.
The large rock hits you!!! The ogre hits you with a giant club!
* * * LOW HITPOINT WARNING * * *
You hear a blaring wail to the east.
You hear a shout! x11
Unknown command.
You slash the ogre!
You kill the ogre!
Cheibriados appreciates the change of pace.
Cheibriados raises the support of your attributes as your movement slows.
Things that are here:
a giant club; an ogre corpse You feel much better.
The ogre closely misses you.
The stone giant throws a large rock.
The large rock barely misses you.
Unknown command.
Casting: Blade Hands
Confirm with . or Enter, or press ? or * to list all spells.
You create 3 snakes!
You now have 60 arrows.
The ogre completely misses you.
The stone giant throws a large rock.
The large rock hits you!!!
Ouch! That really hurt!
* * * LOW HITPOINT WARNING * * *
Unknown command.
You slice the ogre!!
You kill the ogre!
Cheibriados thoroughly appreciates the change of pace.
You feel much better.
You slice the stone giant!!
The stone giant is moderately wounded.
Your adder bites the stone giant but does no damage. x3
You hit the stone giant.
The stone giant is moderately wounded.
Your adder bites the stone giant but does no damage.
The stone giant closely misses you.
Your adder bites the stone giant but does no damage. x2
You hit the stone giant but do no damage.
The stone giant is moderately wounded.
Your adder bites the stone giant but does no damage. x2
The stone giant hits you!
* * * LOW HITPOINT WARNING * * *
Your adder bites the stone giant but does no damage.
You slice the stone giant!!
The stone giant is heavily wounded.
Your adder bites the stone giant.
Your adder bites the stone giant but does no damage.
Donald casts a spell.
Donald seems to speed up.
The stone giant hits you!!
You die...

##.#...* #...##....,** **,,,,
##......#####...#....##* **,,,,*
##......##.#......#....# *,,,,,,
...................#...#***,,,,,,
.........).....<........**,,,,,,,
,,#......).)............,,*,,,,,,
...#........_...........,,,,,,,,,
...#............SS......,,,,,,,,,
#...............@C......,,,,,,,,,
##.......##.###.S.......,,,,,,,,,
#...........#@.........,,,,,,,,,
##.##......#......#....,*,,,,,,,
##*#..................,,,,,,,,,
*#.....##...........,,,,,,,*,
#......####.........,*,,,,,,,
#...#...* ##........,,,,,,,,,
##...#.## ##.......,*,,,,,,,


You could see a stone giant, Donald and 3 friendly adders.

Vanquished Creatures
  A two-headed ogre (D:8)
  An unseen horror (D:11)
  Pikel (D:8)
  An ugly thing (D:11)
  A centaur zombie (D:12)
  A naga mage (D:11)
  2 trolls (D:11)
  A hippogriff (D:8)
  A shadow (D:11)
  A water moccasin (D:8)
  8 yaks (D:11)
  A hungry ghost (D:7)
  A steam dragon (D:10)
  2 ice beasts (D:7)
  4 orc warriors
  2 sky beasts
  4 ogres
  A centaur (D:8)
  7 bullfrogs
  2 scorpions
  2 killer bees (D:11)
  A hound (D:5)
  2 bullfrog skeletons
  5 orc priests
  3 jellies
  6 orc wizards
  3 worker ants
  A gnoll (D:1)
  An adder (D:11)
  An adder zombie (D:7)
  2 worms (D:2)
  16 orcs
  A bat (D:3)
  4 giant cockroaches
  3 goblins (D:2)
  4 hobgoblins
  3 jackals (D:4)
  5 kobolds
  2 frilled lizards
  2 goblin zombies (D:4)
  3 rats
113 creatures vanquished.

Vanquished Creatures (collateral kills)
  An eye of draining (D:8)
  A bullfrog (D:7)
  A scorpion (D:8)
  A jelly (D:11)
  An orc priest (D:8)
  3 worker ants
  A shadow imp (D:7)
  A leopard gecko (D:5)
  3 orcs
  A giant cockroach (D:8)
  A jackal (D:4)
15 creatures vanquished.

Vanquished Creatures (others)
  A bullfrog (D:8)
  A killer bee (D:11)
  A wight (D:8)
3 creatures vanquished.

Grand Total: 131 creatures vanquished

Notes
Turn   | Place    | Note
-------+----------+-------------------------------------------
     0 | D:1      | tidbits the Gnoll Transmuter began the quest for the Orb.
     0 | D:1      | Reached XP level 1. HP: 17/17 MP: 6/6
    52 | D:1      | Reached XP level 2. HP: 4/23 MP: 5/7
    56 | D:1      | Learned a level 2 spell: Sticks to Snakes
   324 | D:2      | Found a white marble altar of Elyvilon.
   332 | D:2      | Reached XP level 3. HP: 16/28 MP: 9/9
   342 | D:2      | Reached skill level 5 in Spellcasting
   386 | D:2      | Learned a level 3 spell: Spider Form
   484 | D:3      | Noticed pk666's ghost (amateur DEWz)
   545 | D:3      | Reached skill level 1 in Invocations
   564 | D:4      | Noticed Edmund
   564 | D:4      | Noticed an ogre
   564 | D:4      | Noticed a scorpion
   565 | D:4      | Gained mutation: You are partially covered in icy blue scales. (AC +2) [potion of mutation]
   565 | D:4      | Gained mutation: You have a pair of small antennae on your head. [potion of mutation]
   570 | D:4      | Found a basalt altar of Yredelemnul.
   591 | D:3      | Reached skill level 1 in Short Blades
   591 | D:3      | Reached skill level 1 in Long Blades
   591 | D:3      | Reached skill level 1 in Axes
   591 | D:3      | Reached skill level 1 in Maces & Flails
   591 | D:3      | Reached skill level 1 in Polearms
   591 | D:3      | Reached skill level 1 in Staves
   591 | D:3      | Reached skill level 1 in Slings
   591 | D:3      | Reached skill level 1 in Bows
   591 | D:3      | Reached skill level 1 in Crossbows
   591 | D:3      | Reached skill level 1 in Throwing
   591 | D:3      | Reached skill level 1 in Armour
   591 | D:3      | Reached skill level 1 in Stealth
   591 | D:3      | Reached skill level 1 in Shields
   591 | D:3      | Reached skill level 1 in Evocations
   591 | D:3      | Reached XP level 4. HP: 29/34 MP: 3/11
   603 | D:4      | Reached skill level 1 in Conjurations
   603 | D:4      | Reached skill level 1 in Hexes
   603 | D:4      | Reached skill level 1 in Charms
   603 | D:4      | Reached skill level 1 in Summonings
   603 | D:4      | Reached skill level 1 in Necromancy
   603 | D:4      | Reached skill level 1 in Translocations
   603 | D:4      | Reached skill level 1 in Fire Magic
   603 | D:4      | Reached skill level 1 in Ice Magic
   603 | D:4      | Reached skill level 1 in Air Magic
   603 | D:4      | Reached skill level 1 in Earth Magic
   603 | D:4      | Reached skill level 1 in Poison Magic
   610 | D:4      | Found a sparkling altar of Nemelex Xobeh.
   612 | D:4      | Found a sand-covered staircase.
   629 | D:4      | Found Zoidghy's Gadget Boutique.
   642 | Ossuary  | Entered an ossuary
   715 | D:5      | Entered Level 5 of the Dungeon
   732 | D:5      | Found an iron altar of Okawaru.
   813 | D:5      | Reached XP level 5. HP: 32/40 MP: 6/12
   837 | D:5      | Found a white marble altar of Elyvilon.
   862 | D:4      | Found Xakhlomn's Food Boutique.
   930 | D:4      | Learned a level 1 spell: Animate Skeleton
   932 | D:4      | Learned a level 1 spell: Apportation
  1096 | D:4      | Reached skill level 3 in Fighting
  1096 | D:4      | Reached skill level 4 in Transmutations
  1113 | D:4      | Reached skill level 2 in Invocations
  1113 | D:4      | Reached XP level 6. HP: 47/47 MP: 9/13
  1122 | D:4      | Found an ancient bone altar of Kikubaaqudgha.
  1124 | D:4      | Found a blossoming altar of Fedhas.
  1141 | D:4      | Found Nunaen's Gadget Shoppe.
  1144 | D:4      | Bought a wand of paralysis (12) for 168 gold pieces
  1309 | D:6      | Found an opulent altar of Gozag.
  1327 | D:6      | Reached skill level 5 in Dodging
  1332 | D:6      | Noticed an orc warrior
  1339 | D:6      | Reached skill level 2 in Short Blades
  1339 | D:6      | Reached skill level 2 in Long Blades
  1339 | D:6      | Reached skill level 2 in Axes
  1339 | D:6      | Reached skill level 2 in Maces & Flails
  1339 | D:6      | Reached skill level 2 in Polearms
  1339 | D:6      | Reached skill level 2 in Staves
  1339 | D:6      | Reached skill level 2 in Slings
  1339 | D:6      | Reached skill level 2 in Bows
  1339 | D:6      | Reached skill level 2 in Crossbows
  1339 | D:6      | Reached skill level 2 in Throwing
  1339 | D:6      | Reached skill level 2 in Armour
  1339 | D:6      | Reached skill level 2 in Stealth
  1339 | D:6      | Reached skill level 2 in Shields
  1339 | D:6      | Reached skill level 2 in Evocations
  1355 | D:6      | Noticed a sky beast
  1362 | D:6      | Killed a sky beast
  1362 | D:6      | Reached XP level 7. HP: 19/52 MP: 3/15
  1448 | D:7      | Reached skill level 7 in Unarmed Combat
  1458 | D:7      | Reached skill level 2 in Conjurations
  1458 | D:7      | Reached skill level 2 in Hexes
  1458 | D:7      | Reached skill level 2 in Charms
  1458 | D:7      | Reached skill level 2 in Summonings
  1458 | D:7      | Reached skill level 2 in Necromancy
  1458 | D:7      | Reached skill level 2 in Translocations
  1458 | D:7      | Reached skill level 2 in Fire Magic
  1458 | D:7      | Reached skill level 2 in Ice Magic
  1458 | D:7      | Reached skill level 2 in Air Magic
  1458 | D:7      | Reached skill level 2 in Earth Magic
  1458 | D:7      | Reached skill level 2 in Poison Magic
  1509 | D:7      | Found a staircase to the Ecumenical Temple.
  1518 | Temple   | Entered the Ecumenical Temple
  1645 | D:7      | Found Diudek's Assorted Antiques.
  1654 | D:7      | Bought a sharpened copper wand for 72 gold pieces
  1680 | D:8      | Noticed a hippogriff
  1687 | D:8      | Killed a hippogriff
  1687 | D:8      | Reached skill level 3 in Invocations
  1687 | D:8      | Reached XP level 8. HP: 45/60 MP: 10/16
  1693 | D:8      | Reached skill level 4 in Fighting
  1693 | D:8      | Reached skill level 3 in Short Blades
  1693 | D:8      | Reached skill level 3 in Long Blades
  1693 | D:8      | Reached skill level 3 in Axes
  1693 | D:8      | Reached skill level 3 in Maces & Flails
  1693 | D:8      | Reached skill level 3 in Polearms
  1693 | D:8      | Reached skill level 3 in Staves
  1693 | D:8      | Reached skill level 3 in Slings
  1693 | D:8      | Reached skill level 3 in Bows
  1693 | D:8      | Reached skill level 3 in Crossbows
  1693 | D:8      | Reached skill level 3 in Throwing
  1693 | D:8      | Reached skill level 3 in Armour
  1693 | D:8      | Reached skill level 3 in Stealth
  1693 | D:8      | Reached skill level 3 in Shields
  1693 | D:8      | Reached skill level 3 in Evocations
  1757 | D:7      | Reached skill level 6 in Spellcasting
  1842 | D:7      | Learned a level 4 spell: Ice Form
  1849 | D:7      | Found a snail-covered altar of Cheibriados.
  1855 | D:7      | Became a worshipper of Cheibriados the Contemplative
  1883 | D:8      | HP: 2/60 [orc priest/divine providence (13)]
  1898 | D:8      | HP: 4/60 [orc priest/divine providence (15)]
  1938 | D:8      | Reached skill level 3 in Conjurations
  1938 | D:8      | Reached skill level 3 in Hexes
  1938 | D:8      | Reached skill level 3 in Charms
  1938 | D:8      | Reached skill level 3 in Summonings
  1938 | D:8      | Reached skill level 3 in Necromancy
  1938 | D:8      | Reached skill level 3 in Translocations
  1938 | D:8      | Reached skill level 3 in Fire Magic
  1938 | D:8      | Reached skill level 3 in Ice Magic
  1938 | D:8      | Reached skill level 3 in Air Magic
  1938 | D:8      | Reached skill level 3 in Earth Magic
  1938 | D:8      | Reached skill level 3 in Poison Magic
  1938 | D:8      | Reached skill level 4 in Invocations
  1948 | D:8      | Reached XP level 9. HP: 33/66 MP: 0/18
  1954 | D:8      | Reached skill level 6 in Dodging
  1975 | D:8      | Noticed a two-headed ogre
  1979 | D:8      | Killed a two-headed ogre
  1979 | D:8      | Reached skill level 4 in Short Blades
  1979 | D:8      | Reached skill level 4 in Long Blades
  1979 | D:8      | Reached skill level 4 in Axes
  1979 | D:8      | Reached skill level 4 in Maces & Flails
  1979 | D:8      | Reached skill level 4 in Polearms
  1979 | D:8      | Reached skill level 4 in Staves
  1979 | D:8      | Reached skill level 4 in Slings
  1979 | D:8      | Reached skill level 4 in Bows
  1979 | D:8      | Reached skill level 4 in Crossbows
  1979 | D:8      | Reached skill level 4 in Throwing
  1979 | D:8      | Reached skill level 4 in Armour
  1979 | D:8      | Reached skill level 4 in Stealth
  1979 | D:8      | Reached skill level 4 in Shields
  1979 | D:8      | Reached skill level 5 in Transmutations
  1979 | D:8      | Reached skill level 4 in Evocations
  2010 | D:8      | Noticed Pikel
  2022 | D:8      | Killed Pikel
  2022 | D:8      | Reached skill level 5 in Fighting
  2022 | D:8      | Reached skill level 8 in Unarmed Combat
  2097 | D:9      | Got a dazzling whip
  2098 | D:9      | Identified the +11 whip "Xoigenoc" {slash, +Rage rF- Dex+9} (You found it on level 9 of the Dungeon)
  2125 | D:10     | Entered Level 10 of the Dungeon
  2143 | D:10     | Reached skill level 5 in Invocations
  2240 | D:11     | Noticed a troll
  2242 | D:11     | Noticed a brown ugly thing
  2251 | D:11     | Killed a brown ugly thing
  2251 | D:11     | Reached skill level 7 in Spellcasting
  2251 | D:11     | Reached skill level 4 in Conjurations
  2251 | D:11     | Reached skill level 4 in Hexes
  2251 | D:11     | Reached skill level 4 in Charms
  2251 | D:11     | Reached skill level 4 in Summonings
  2251 | D:11     | Reached skill level 4 in Necromancy
  2251 | D:11     | Reached skill level 4 in Translocations
  2251 | D:11     | Reached skill level 4 in Fire Magic
  2251 | D:11     | Reached skill level 4 in Ice Magic
  2251 | D:11     | Reached skill level 4 in Air Magic
  2251 | D:11     | Reached skill level 4 in Earth Magic
  2251 | D:11     | Reached skill level 4 in Poison Magic
  2251 | D:11     | Reached XP level 10. HP: 56/74 MP: 20/20
  2266 | D:11     | Reached * piety under Cheibriados
  2308 | D:12     | Noticed a kobold demonologist
  2308 | D:12     | Noticed a skeletal warrior
  2308 | D:12     | Noticed a skeletal warrior
  2344 | D:11     | Found a portal to a secret trove of treasure.
  2408 | D:11     | Learned a level 5 spell: Blade Hands
  2415 | D:11     | Reached skill level 5 in Short Blades
  2415 | D:11     | Reached skill level 5 in Long Blades
  2415 | D:11     | Reached skill level 5 in Axes
  2415 | D:11     | Reached skill level 5 in Maces & Flails
  2415 | D:11     | Reached skill level 5 in Polearms
  2415 | D:11     | Reached skill level 5 in Staves
  2415 | D:11     | Reached skill level 5 in Slings
  2415 | D:11     | Reached skill level 5 in Bows
  2415 | D:11     | Reached skill level 5 in Crossbows
  2415 | D:11     | Reached skill level 5 in Throwing
  2415 | D:11     | Reached skill level 5 in Armour
  2415 | D:11     | Reached skill level 5 in Stealth
  2415 | D:11     | Reached skill level 5 in Shields
  2415 | D:11     | Reached skill level 5 in Evocations
  2432 | D:11     | Noticed an unseen horror
  2445 | D:11     | Killed an unseen horror
  2445 | D:11     | Reached skill level 7 in Dodging
  2491 | D:11     | Noticed a naga mage
  2501 | D:11     | Killed a naga mage
  2501 | D:11     | Reached skill level 6 in Fighting
  2508 | D:11     | Identified the Handbook of Creative Transmigration
  2547 | D:11     | Learned a level 3 spell: Confuse
  2551 | D:11     | Learned a level 3 spell: Mephitic Cloud
  2577 | D:11     | Reached skill level 6 in Transmutations
  2577 | D:11     | Reached skill level 6 in Invocations
  2592 | D:11     | Reached ** piety under Cheibriados
  2639 | D:11     | Reached XP level 11. HP: 74/82 MP: 14/22
  2649 | D:12     | Noticed a skeletal warrior
  2654 | D:12     | Noticed a sun demon
  2655 | D:12     | Noticed a skeletal warrior
  2690 | D:11     | Found a staircase to the Orcish Mines.
  2715 | Orc:1    | Entered Level 1 of the Orcish Mines
  2718 | Orc:2    | Entered Level 2 of the Orcish Mines
  2718 | Orc:2    | Found a roughly hewn altar of Beogh.
  2745 | Orc:2    | Noticed Donald
  2758 | Orc:2    | Noticed a stone giant
  2763 | Orc:2    | HP: 2/83 [stone giant/large rock (52)]
  2769 | Orc:2    | Mangled by a stone giant

Skill      XL: |  1  2  3  4  5  6  7  8  9 10 |
---------------+-------------------------------+-----
Spellcasting   | 5 6 7 |  7.8
Invocations    | 1 2 3 4 5 6 |  6.4
Short Blades   | 1 2 3 4 5 |  5.9
Long Blades    | 1 2 3 4 5 |  5.9
Axes           | 1 2 3 4 5 |  5.9
Maces & Flails | 1 2 3 4 5 |  5.9
Polearms       | 1 2 3 4 5 |  5.9
Staves         | 1 2 3 4 5 |  5.9
Slings         | 1 2 3 4 5 |  5.9
Bows           | 1 2 3 4 5 |  5.9
Crossbows      | 1 2 3 4 5 |  5.9
Throwing       | 1 2 3 4 5 |  5.9
Armour         | 1 2 3 4 5 |  5.9
Stealth        | 1 2 3 4 5 |  5.9
Shields        | 1 2 3 4 5 |  5.9
Evocations     | 1 2 3 4 5 |  5.9
Conjurations   | 1 2 3 4 |  4.8
Hexes          | 1 2 3 4 |  4.8
Charms         | 1 2 3 4 |  4.8
Summonings     | 1 2 3 4 |  4.8
Necromancy     | 1 2 3 4 |  4.8
Translocations | 1 2 3 4 |  4.8
Fire Magic     | 1 2 3 4 |  4.8
Ice Magic      | 1 2 3 4 |  4.8
Air Magic      | 1 2 3 4 |  4.8
Earth Magic    | 1 2 3 4 |  4.8
Poison Magic   | 1 2 3 4 |  4.8
Fighting       | 3 4 5 6 |  6.5
Transmutations | 4 5 6 |  6.2
Dodging        | 5 6 7 |  7.5
Unarmed Combat | 7 8 |  8.9

Action                   |  1- 3 |  4- 6 |  7- 9 | 10-12 || total
-------------------------+-------+-------+-------+-------++-------
Melee: Unarmed           |    55 |    34 |    97 |   106 ||   292
       Kick              |     8 |       |     6 |       ||    14
       Bite              |     5 |     1 |     3 |    12 ||    21
       Punch             |     1 |       |     3 |     4 ||     8
       Dagger            |       |     4 |    13 |     4 ||    21
       Whip              |       |       |    11 |       ||    11
 Cast: Beastly Appendage |    10 |       |     3 |       ||    13
       Spider Form       |     5 |     7 |    12 |     3 ||    27
       Sticks to Snakes  |     5 |     6 |    17 |     5 ||    33
       Blade Hands       |       |       |       |     7 ||     7
       Confuse           |       |       |       |     3 ||     3
       Animate Skeleton  |       |       |       |     1 ||     1
       Apportation       |       |       |       |     3 ||     3
Invok: Bend Time         |       |       |     1 |       ||     1
 Abil: End Transformatio |       |       |     2 |       ||     2
Evoke: Wand              |       |       |    11 |     3 ||    14
  Use: Scroll            |     5 |     5 |     4 |     6 ||    20
       Potion            |     2 |       |     4 |     3 ||     9
 Stab: Sleeping          |       |     3 |     2 |     1 ||     6
       Paralysed         |       |       |     8 |     1 ||     9
       Distracted        |       |       |     1 |       ||     1
  Eat: Chunk             |       |     1 |     4 |     2 ||     7
       Ration            |       |     1 |       |       ||     1
Armor: Robe              |     4 |       |     1 |       ||     5
       Skin              |       |     2 |    11 |    24 ||    37
       Troll leather arm |       |       |       |    14 ||    14
Dodge: Dodged            |    24 |    29 |    93 |    57 ||   203

Table legend:
 A = Turns spent in this place as a percentage of turns spent in the entire game.
 B = Non-inter-level travel turns spent in this place as a percentage of non-inter-level travel turns spent in the entire game.
 C = Inter-level travel turns spent in this place as a percentage of turns spent in this place.
 D = Turns resting spent in this place as a percentage of non-inter-level travel turns spent in this place.
 E = Turns spent auto-exploring this place as a percentage of non-inter-level travel turns spent in this place.
 F = Non-inter-level travel turns spent in this place divided by the number of levels of this place that you've seen.
                   A       B       C       D       E      F
               +-------+-------+-------+-------+-------+----------------------
         Total | 100.0 | 100.0 |   1.4 |   0.0 |   0.0 | 170.6
       Dungeon |  92.7 |  93.2 |   0.9 |   0.0 |   0.0 | 212.0
        Temple |   3.3 |   2.7 |  17.8 |   0.0 |   0.0 |  74.0
  Orcish Mines |   2.0 |   2.0 |   0.0 |   0.0 |   0.0 |  27.0
       Ossuary |   2.1 |   2.1 |   0.0 |   0.0 |   0.0 |  58.0
               +-------+-------+-------+-------+-------+----------------------

Table legend:
 A = Kills in this place as a percentage of kills in entire the game.
 B = Kills by you in this place as a percentage of kills by you in the entire game.
 C = Kills by friends in this place as a percentage of kills by friends in the entire game.
 D = Other kills in this place as a percentage of other kills in the entire game.
 E = Experience gained in this place as a percentage of experience gained in the entire game.
 F = Experience gained in this place divided by the number of levels of this place that you have seen.
                   A       B       C       D       E      F
               +-------+-------+-------+-------+-------+----------------------
         Total | 100.0 | 100.0 | 100.0 | 100.0 | 100.0 | 650.7
       Dungeon |  95.3 |  94.6 | 100.0 | 100.0 |  95.2 | 825.6
  Orcish Mines |   4.7 |   5.4 |   0.0 |   0.0 |   4.8 | 252.0
               +-------+-------+-------+-------+-------+----------------------

Vault maps used:
D:1:      minmay_arrival_wavy_path
D:2:      first_ration, elyvilon_altar_1
D:3:      marbit_many_paths, minivault_5
D:4:      gammafunk_cloud_chamber, grunt_temple_overflow_growth_and_decay,
          yredelemnul_altar_generic, enter_ossuary_3, serial_shops,
          kennysheep_mini, shop, nicolae_shop_behind_doors,
          nemelex_xobeh_ov_fountains_minmay, uniq_edmund
D:5:      nicolae_overflow_crystal_walls, basic_altar
D:6:      lemuel_coloured_pillars_altar, grunt_gozag_statues
D:7:      old_standard_altar, minmay_temple_entry_glass, serial_shops, shop,
          grunt_livestock
D:8:      lair_entry_dummy, uniq_pikel
D:9:      serial_shops, shop_statue
D:11:     orc_0_dummy, enter_trove_2, minmay_librarian
D:12:     serial_shops, nicolae_shop_waterfront, shop, shop,
          kennysheep_little_box, nicolae_shop_competitors_out_of_business,
          uniq_fannar, uniq_psyche
Temple:   jpeg_temple_clearing
Orc:1:    minmay_goldmine
Orc:2:    grunt_orc_tribal_feast, portal_ice_cave_entry_pillars_1, basic_altar,
          uniq_sonja, uniq_rupert, uniq_donald
Ossuary:  ossuary_minmay_four_chambers
